[Event "79th GEO-ch 2020"]
[Site "Tbilisi"]
[Date "2020.01.30"]
[Round "1.2"]
[White "Pantsulaia, Levan"]
[Black "Patsia, Zviad"]
[Result "1/2-1/2"]
[ECO "A15"]
[WhiteElo "2598"]
[BlackElo "2197"]
[Annotator "ChessBase"]
[PlyCount "110"]
[EventDate "2020.01.29"]
[EventType "k.o."]
[EventCountry "GEO"]
[SourceTitle "playchess.com"]
[Source "ChessBase"]
[SourceQuality "1"]
[TimeControl "40/5400+30:1800+30"]

1. c4 Nf6 2. g3 c6 3. Bg2 d5 4. Nf3 dxc4 5. O-O Nbd7 6. Qc2 Nb6 7. a4 a5 8. Na3 Be6 9. Ne5 Qd4 10. Nxc6 bxc6 11. Bxc6+ Nfd7 12. Nb5 Qe5 13. Bxa8 Nxa8 14. d4 Qh5 15. f3 g6 16. e4 Bg7 17. Bd2 O-O 18. Bxa5 Bxd4+ 19. Nxd4 Qxa5 20. Nxe6 Qb6+ 21. Kg2 Qxe6 22. Rac1 Ne5 23. f4 Nd3 24. Qxc4 Nxc1 25. Qxe6 fxe6 26. Rxc1 Rb8 27. b4 Kf7 28. b5 Rb7 29. Rc6 Ra7 30. Ra6 Rxa6 31. bxa6 Ke8 32. Kf3 Kd7 33. Kg4 Ke8 34. Kg5 Kf7 35. Kh6 Kg8 36. h4 Kh8 37. g4 Kg8 38. h5 gxh5 39. Kxh5 Kg7 40. g5 Nc7 41. a7 Na8 42. Kg4 h6 43. Kf3 Kg6 44. gxh6 Kxh6 45. Ke3 Kg6 46. Kd4 Kf7 47. Kc5 Ke8 48. Kc6 Kd8 49. Kb7 Kd7 50. a5 Kd8 51. a6 Kd7 52. e5 Kd8 53. Kxa8 Kc8 54. f5 exf5 55. e6 Kc7 1/2-1/2

[Event "79th GEO-ch 2020"]
[Site "Tbilisi"]
[Date "2020.01.30"]
[Round "1.2"]
[White "Jojua, Davit"]
[Black "Morchiashvili, Bachana"]
[Result "0-1"]
[ECO "A41"]
[WhiteElo "2563"]
[BlackElo "2312"]
[Annotator "RC"]
[PlyCount "182"]
[EventDate "2020.01.29"]
[EventType "k.o."]
[EventCountry "GEO"]
[SourceTitle "playchess.com"]
[Source "ChessBase"]
[SourceQuality "1"]
[TimeControl "40/5400+30:1800+30"]

1. d4 g6 2. c4 Bg7 3. Nc3 d6 4. Nf3 Bg4 5. g3 Bxf3 6. exf3 Nc6 7. d5 Nd4 8. Bg2 c5 9. dxc6 bxc6 10. O-O c5 11. Ne2 Nf5 12. Bh3 Nf6 13. Bxf5 gxf5 14. Qd3 Qc8 15. Re1 O-O 16. Nc3 e6 17. Bg5 Rb8 18. b3 Rb6 19. Rad1 a6 20. Qe3 Qb7 21. Bh6 Bxh6 22. Qxh6 Ne8 23. Rd3 Ng7 24. Qd2 Rc6 25. Kg2 Qe7 26. Rd1 Qf6 27. Qe3 Rd8 28. f4 Ne8 29. Qf3 Rdc8 30. Re1 Qd8 31. Red1 Nf6 32. R1d2 Qc7 33. Kg1 Kg7 34. Qd1 Rd8 35. Qf3 h5 36. h3 Rb6 37. Kf1 Qc6 38. Kg2 Kf8 39. Na4 Qxf3+ 40. Kxf3 Rc6 41. Nc3 Ke7 42. h4 Kd7 43. Rd1 Kc7 44. Ke3 Rb6 45. Na4 Rbb8 46. f3 Ng8 47. R3d2 Ne7 48. Nc3 Nc6 49. Kf2 Nd4 50. Rd3 Kc6 51. Rg1 Rg8 52. Rd2 Rg6 53. Rdd1 Rbg8 54. Rde1 Kd7 55. Na4 Kc6 56. Nc3 Rb8 57. Rd1 Rg7 58. Rde1 Rgg8 59. Re3 Rb4 60. Rd3 a5 61. Rgd1 Ra8 62. Nb5 Rxb5 63. cxb5+ Kxb5 64. Rb1 d5 65. Rc3 Kb4 66. Rcc1 Rc8 67. Rg1 Ka3 68. g4 fxg4 69. fxg4 hxg4 70. Rxg4 Kxa2 71. Rh1 Rh8 72. h5 Nf5 73. Rh3 d4 74. Rg1 Kb2 75. Re1 Ne3 76. Rg1 Rh6 77. Rg7 Kxb3 78. Rxf7 c4 79. Rd7 Kc3 80. Rd6 a4 81. f5 a3 82. fxe6 a2 83. Ra6 Rf6+ 84. Kg3 Rxe6 85. Rxa2 d3 86. Kf4 d2 87. Ra1 Kb2 88. Rah1 Ng2+ 89. Kg3 Re1 90. h6 d1=Q 91. h7 Re3+ 0-1

[Event "79th GEO-ch 2020"]
[Site "Tbilisi"]
[Date "2020.01.30"]
[Round "1.2"]
[White "Paichadze, Luka"]
[Black "Tutisani, Noe"]
[Result "1/2-1/2"]
[ECO "B01"]
[WhiteElo "2550"]
[BlackElo "2429"]
[Annotator "ChessBase"]
[PlyCount "113"]
[EventDate "2020.01.29"]
[EventType "k.o."]
[EventCountry "GEO"]
[SourceTitle "playchess.com"]
[Source "ChessBase"]
[SourceQuality "1"]
[TimeControl "40/5400+30:1800+30"]

1. e4 d5 2. exd5 Qxd5 3. Nc3 Qa5 4. d4 Nf6 5. Be3 Bf5 6. Bb5+ c6 7. Bd3 e6 8. Nge2 Nbd7 9. O-O O-O-O 10. a3 Bxd3 11. cxd3 Nb6 12. Qc2 Nbd5 13. b4 Qc7 14. h3 Nxc3 15. Nxc3 Nd5 16. Rfc1 Kb8 17. Qd2 Nxc3 18. Rxc3 Rd5 19. Rb1 Qd7 20. a4 Bd6 21. Rcb3 Rd8 22. b5 cxb5 23. Rxb5 Rxb5 24. axb5 Bc7 25. Qc3 Rc8 26. Qb2 Qd5 27. Rc1 Bd6 28. Rxc8+ Kxc8 29. Qc2+ Kb8 30. Qa4 f6 31. Kf1 g5 32. Bd2 Bc7 33. Qb4 Qd6 34. Qc4 Bb6 35. Bc3 h5 36. Ke2 f5 37. Bd2 Bxd4 38. Bxg5 f4 39. Kf3 e5 40. g3 fxg3 41. fxg3 Qg6 42. Be7 Qf5+ 43. Ke2 Qd7 44. Bb4 b6 45. Kd2 a6 46. bxa6 Ka7 47. Bc3 Qxh3 48. Qf7+ Kxa6 49. Qa2+ Kb7 50. Qd5+ Ka7 51. Bxd4 exd4 52. Qxd4 Qg2+ 53. Kc3 Qxg3 54. Qd7+ Ka6 55. Qc8+ Ka5 56. Qa8+ Kb5 57. Qd5+ 1/2-1/2

[Event "79th GEO-ch 2020"]
[Site "Tbilisi"]
[Date "2020.01.30"]
[Round "1.2"]
[White "Shanava, Konstantine"]
[Black "Quparadze, Giga"]
[Result "0-1"]
[ECO "B47"]
[WhiteElo "2507"]
[BlackElo "2462"]
[Annotator "RC"]
[PlyCount "58"]
[EventDate "2020.01.29"]
[EventType "k.o."]
[EventCountry "GEO"]
[SourceTitle "playchess.com"]
[Source "ChessBase"]
[SourceQuality "1"]
[TimeControl "40/5400+30:1800+30"]

1. e4 c5 2. Nf3 Nc6 3. d4 cxd4 4. Nxd4 Qc7 5. Nc3 e6 6. Nb3 Nf6 7. Bd3 a6 8. f4 b5 9. O-O h5 10. Kh1 d6 11. Be3 h4 12. Qf3 h3 13. g4 Bb7 14. g5 Nd7 15. Kg1 Nc5 16. a3 g6 17. Nxc5 dxc5 18. Qf2 Nd4 19. Bxd4 cxd4 20. Nb1 e5 21. fxe5 Rh5 22. Kh1 Rxg5 23. Nd2 Rg2 24. Qe1 Qxe5 25. Nf3 Qf4 26. Rf2 f5 27. exf5+ Kd8 28. Rxg2 Qxf3 29. Qh4+ Kc8 0-1

[Event "79th GEO-ch 2020"]
[Site "Tbilisi"]
[Date "2020.01.30"]
[Round "1.2"]
[White "Akhvlediani, Irakli"]
[Black "Arutinian, David"]
[Result "1/2-1/2"]
[ECO "E17"]
[WhiteElo "2353"]
[BlackElo "2551"]
[Annotator "ChessBase"]
[PlyCount "59"]
[EventDate "2020.01.29"]
[EventType "k.o."]
[EventCountry "GEO"]
[SourceTitle "playchess.com"]
[Source "ChessBase"]
[SourceQuality "1"]
[TimeControl "40/5400+30:1800+30"]

1. d4 Nf6 2. c4 e6 3. Nf3 b6 4. g3 Bb7 5. Bg2 Be7 6. O-O O-O 7. Re1 Na6 8. Nc3 d5 9. cxd5 exd5 10. Bf4 c5 11. dxc5 Nxc5 12. Nd4 Nfe4 13. Rc1 Nxc3 14. Rxc3 a5 15. Nf5 Ne6 16. Rd3 Bb4 17. Bd2 Qf6 18. Ne3 d4 19. Nd5 Bxd5 20. Bxd5 Bxd2 21. Qxd2 Rad8 22. Bxe6 fxe6 23. Rf3 Qe5 24. Rxf8+ Rxf8 25. Rd1 Rd8 26. e3 d3 27. Qc3 Qd5 28. Qc7 e5 29. Qxb6 e4 30. Qb3 1/2-1/2

[Event "79th GEO-ch 2020"]
[Site "Tbilisi"]
[Date "2020.01.30"]
[Round "1.2"]
[White "Lomsadze, Davit"]
[Black "Gagunashvili, Merab"]
[Result "0-1"]
[ECO "A03"]
[WhiteElo "2306"]
[BlackElo "2580"]
[Annotator "ChessBase"]
[PlyCount "70"]
[EventDate "2020.01.29"]
[EventType "k.o."]
[EventCountry "GEO"]
[SourceTitle "playchess.com"]
[Source "ChessBase"]
[SourceQuality "1"]
[TimeControl "40/5400+30:1800+30"]

1. f4 d5 2. Nf3 g6 3. d4 Bg7 4. e3 Nf6 5. Bd3 O-O 6. O-O c5 7. c3 b6 8. Nbd2 Ba6 9. Bxa6 Nxa6 10. a4 Nc7 11. Ne5 Nce8 12. b4 cxb4 13. cxb4 a6 14. Ba3 Nd6 15. Qe2 b5 16. Nb3 Nfe4 17. Nc5 Nc3 18. Qd3 Nxa4 19. Nxa4 bxa4 20. Bc1 f6 21. Nc6 Qd7 22. Na5 Qb5 23. Qa3 e5 24. Qxa4 exd4 25. exd4 Rac8 26. f5 Nxf5 27. Nb3 Rc4 28. Qxb5 axb5 29. Re1 Rxb4 30. Nc5 Nxd4 31. Re7 Rc4 32. Bb2 Nf5 33. Rc7 Bh6 34. Ne6 Re8 35. Rd7 Rxe6 0-1

[Event "79th GEO-ch 2020"]
[Site "Tbilisi"]
[Date "2020.02.08"]
[Round "4.2"]
[White "Sanikidze, Tornike"]
[Black "Paichadze, Luka"]
[Result "0-1"]
[ECO "E11"]
[WhiteElo "2451"]
[BlackElo "2550"]
[Annotator "ChessBase"]
[PlyCount "128"]
[EventDate "2020.01.29"]
[EventType "k.o."]
[EventCountry "GEO"]
[SourceTitle "playchess.com"]
[Source "ChessBase"]
[SourceQuality "1"]
[TimeControl "40/5400+30:1800+30"]

1. d4 Nf6 2. c4 e6 3. Nf3 Bb4+ 4. Bd2 a5 5. g3 b6 6. Bg2 Bb7 7. O-O O-O 8. Bf4 Be7 9. Nc3 Ne4 10. Nb5 Na6 11. Rc1 c6 12. Nc3 Nxc3 13. bxc3 c5 14. d5 exd5 15. cxd5 b5 16. d6 Bf6 17. Qd3 Bc6 18. c4 Rb8 19. cxb5 Bxb5 20. Qd2 Re8 21. Rfe1 Bc6 22. h4 Rb2 23. Rc2 Rxc2 24. Qxc2 Nb4 25. Qc1 Qb6 26. a3 Na2 27. Qc4 Nc3 28. Ng5 Bxg5 29. hxg5 Nb5 30. Bxc6 Qxc6 31. Be3 Nxa3 32. Qxc5 Qxc5 33. Bxc5 Nc2 34. Rb1 f6 35. Rb7 Re5 36. Ba7 a4 37. Rc7 Rxe2 38. Bc5 a3 39. Ra7 fxg5 40. Bxa3 Nxa3 41. Rxa3 Rd2 42. Ra6 Kf7 43. g4 Ke6 44. Kg2 Rxd6 45. Ra8 Kf7 46. Kf3 g6 47. Kg3 h5 48. gxh5 gxh5 49. Rh8 Kg6 50. f3 h4+ 51. Kh3 Rf6 52. Kg2 Kf5 53. Rd8 d6 54. Rd7 Kf4 55. Rd8 h3+ 56. Kxh3 Kxf3 57. Kh2 Ke4 58. Kg3 d5 59. Kg4 Rf5 60. Rd7 Re5 61. Kg3 d4 62. Kf2 Kd3 63. Rd8 Kc3 64. Rc8+ Kd2 0-1

[Event "79th GEO-ch 2020"]
[Site "Tbilisi"]
[Date "2020.02.08"]
[Round "4.2"]
[White "Morchiashvili, Bachana"]
[Black "Nigalidze, Gaioz"]
[Result "0-1"]
[ECO "A45"]
[WhiteElo "2312"]
[BlackElo "2474"]
[Annotator "ChessBase"]
[PlyCount "74"]
[EventDate "2020.01.29"]
[EventType "k.o."]
[EventCountry "GEO"]
[SourceTitle "playchess.com"]
[Source "ChessBase"]
[SourceQuality "1"]
[TimeControl "40/5400+30:1800+30"]

1. d4 Nf6 2. Bg5 e6 3. e4 h6 4. Bxf6 Qxf6 5. c3 d6 6. Bd3 Nd7 7. Ne2 a6 8. O-O b6 9. f4 Bb7 10. Nd2 Qe7 11. f5 e5 12. Qa4 Qg5 13. Qc2 h5 14. Rae1 Be7 15. a4 Nf6 16. Nf3 Qe3+ 17. Kh1 Ng4 18. Nc1 Qf4 19. Qe2 Qh6 20. a5 h4 21. axb6 cxb6 22. Nxe5 Nxe5 23. dxe5 dxe5 24. Bc4 h3 25. g3 Rd8 26. Bxa6 Rd2 27. Qb5+ Bc6 28. Qc4 O-O 29. f6 Bc5 30. Nd3 gxf6 31. b4 Rg2 32. bxc5 Qd2 33. Nf2 Rxf2 34. Rxf2 Qxe1+ 35. Rf1 Qe3 36. Bb7 b5 37. Qd4 exd4 0-1